 Dungeon Crawl Stone Soup version 0.21.1-1-g345015f (webtiles) character file.

2777 Flooderbenga the Reanimator (level 9, -1/66 HPs)
             Began as a Gnoll Necromancer on Apr 3, 2018.
             Was a Follower of Cheibriados.
             Killed from afar by a porcupine skeleton (26 damage)
             ... with an exploding inner flame
             ... animated by the player character
             ... hexed by the player character
             ... on level 9 of the Dungeon.
             The game lasted 01:27:56 (2261 turns).

Flooderbenga the Reanimator (Gnoll Necromancer)     Turns: 2261, Time: 01:27:57

Health: -1/66      AC:  6    Str: 14    XL:     9   Next: 70%
Magic:  3/19       EV: 17    Int: 23    God:    Cheibriados [*.....]
Gold:   210        SH:  0    Dex: 21    Spells: 4/21 levels left

rFire    . . .     SeeInvis .   a - +2 trident (freeze)
rCold    . . .     Gourm    .   (no shield)
rNeg     . . .     Faith    +   g - +1 leather armour
rPois    +         Spirit   .   (no helmet)
rElec    .         Reflect  .   (no cloak)
rCorr    .         Harm     .   (no gloves)
MR       .....                  (no boots)
Stlth    +++.......             t - amulet of faith
HPRegen  0.21/turn              m - ring of poison resistance
MPRegen  0.16/turn              (no ring)

@: very slow
A: distributed training, fangs 1, yellow scales 1, agile 1, wild magic 1, strong
nose
a: Bend Time, Renounce Religion


You were on level 9 of the Dungeon.
You worshipped Cheibriados.
Cheibriados was aware of your devotion.
You were not hungry.

You visited 2 branches of the dungeon, and saw 11 of its levels.

You collected 210 gold pieces.

Inventory:

Hand Weapons
 a - a +2 trident of freezing (weapon)
 b - a +0 hunting sling
 q - a +2 antimagic rapier
Missiles
 i - 77 stones (quivered)
 k - 18 arrows
Armour
 e - a +0 leather armour of poison resistance
 g - a +1 leather armour (worn)
 n - a +0 ring mail
Jewellery
 m - a ring of poison resistance (left hand)
 t - an amulet of faith (around neck)
Wands
 l - a wand of enslavement (14) {@v5}
Scrolls
 f - a scroll of amnesia
 j - a scroll of teleportation {@r3}
 p - a scroll of enchant armour
 r - 2 scrolls of identify {@r1}
 v - 2 scrolls of remove curse {@r2}
 x - a scroll of immolation
Books
 h - a book of Necromancy

   Spells                             Type                      Level
   a - Pain                           Necromancy                   1
   b - Animate Skeleton               Necromancy                   1
   c - Vampiric Draining              Necromancy                   3
   d - Regeneration                   Charms/Necromancy            3
   e - Animate Dead                   Necromancy                   4
   f - Borgnjor's Vile Clutch         Necromancy/Earth             5
 u - a book of Conjurations

   Spells                             Type                      Level
   a - Magic Dart                     Conjuration                  1
   b - Searing Ray                    Conjuration                  2
   c - Dazzling Spray                 Conjuration/Hexes            3
   d - Fulminant Prism                Conjuration/Hexes            4
   e - Force Lance                    Conjuration/Translocation    4
   f - Iskenderun's Mystic Blast      Conjuration                  4
 y - a book of Misfortune

   Spells                             Type                      Level
   a - Confusing Touch                Hexes                        1
   b - Confuse                        Hexes                        3
   c - Gell's Gravitas                Translocation                3
   d - Petrify                        Transmutation/Earth          4
   e - Metabolic Englaciation         Hexes/Ice                    5
   f - Yara's Violent Unravelling     Hexes/Transmutation          5
Miscellaneous
 o - a phial of floods
Comestibles
 c - 7 rations


   Skills:
 + Level 4.4 Fighting
 + Level 4.4 Short Blades
 + Level 4.4 Long Blades
 + Level 4.4 Axes
 + Level 4.4 Maces & Flails
 + Level 4.4 Polearms
 + Level 4.4 Staves
 + Level 4.4 Slings
 + Level 4.4 Bows
 + Level 4.4 Crossbows
 + Level 4.4 Throwing
 + Level 4.4 Armour
 + Level 6.4 Dodging
 + Level 6.1 Stealth
 + Level 4.4 Shields
 + Level 4.4 Unarmed Combat
 + Level 6.7 Spellcasting
 + Level 3.6 Conjurations
 + Level 3.6 Hexes
 + Level 3.6 Charms
 + Level 3.6 Summonings
 + Level 8.1 Necromancy
 + Level 3.6 Translocations
 + Level 3.6 Transmutations
 + Level 3.6 Fire Magic
 + Level 3.6 Ice Magic
 + Level 3.6 Air Magic
 + Level 3.6 Earth Magic
 + Level 3.6 Poison Magic
 + Level 4.9 Invocations
 + Level 4.4 Evocations


You had 4 spell levels left.
You knew the following spells:

 Your Spells              Type           Power        Failure   Level  Hunger
a - Pain                  Necr           ####         1%          1    None
b - Animate Dead          Necr           N/A          5%          4    ###....
c - Vampiric Draining     Necr           ######....   2%          3    None
d - Borgnjor's Vile Clut  Necr/Erth      #####.....   32%         5    #####..
r - Regeneration          Chrm/Necr      #####.....   4%          3    None
z - Animate Skeleton      Necr           N/A          1%          1    None


Dungeon Overview and Level Annotations

Branches:
Dungeon (10/15)            Temple (1/1) D:7
   Lair: D:8-11         Orc: D:9-12

Altars:
Ashenzari
Cheibriados
Dithmenos
Elyvilon
Gozag
Kikubaaqudgha
Makhleb
Nemelex Xobeh
Okawaru
Sif Muna
Trog
Uskayaw
Vehumet
Wu Jian
Yredelemnul
Zin
The Shining One


Innate Abilities, Weirdness & Mutations

Your experience applies equally to all skills.
You have very sharp teeth.
Your uncanny sense of smell can sniff out nearby items.
You are partially covered in yellow scales. (AC +2)
You are agile. (Dex +2)
Your spells are a little harder to cast, but a little more powerful.


Message History

Attack whom?
Aim: a two-headed ogre, wielding two giant clubs (moderately wounded)
You reach to attack!
You hit the two-headed ogre but do no damage.
Your porcupine skeleton bites the two-headed ogre.
The two-headed ogre hits your centaur with a giant club!
The two-headed ogre barely misses your centaur.
Your orc hits the two-headed ogre with a flail.
Your centaur hits the two-headed ogre!
Your porcupine skeleton bites the two-headed ogre!
Attack whom?
Aim: a two-headed ogre, wielding two giant clubs (severely wounded)
You could not reach far enough!
Your centaur barely misses the two-headed ogre.
Your porcupine skeleton bites the two-headed ogre.
Your orc hits the two-headed ogre with a flail.
The two-headed ogre hits your porcupine skeleton with a giant club!!
The two-headed ogre hits your porcupine skeleton with a giant club!
The fiery explosion engulfs you!
You die...

#########
#.......#########
#.......%.##.....
###..)....#..#.....
###P...†....##.#.....
#P?.P..P....##.'.....
#..P@o§PPP..####.....
#...Pc§PPP...# #.....
#P...oOPPP...# #.....
#...PP.PPP.PPP.#
######
#..PPP..P.PPP..#
#..PPP..P.P.PPP..
...P.P..P..PP.....
.P..P.P.P.PP... #####
....†.


You could see a two-headed ogre, a friendly centaur and 2 friendly orcs.

Vanquished Creatures
  A hippogriff (D:10)
  A yak (D:10)
  3 porcupines (D:9)
  2 water moccasins
  4 orc warriors
  3 ogres
  A phantom (D:6)
  A centaur (D:9)
  A bullfrog (D:9)
  Blork the orc (D:6)
  4 killer bees (D:8)
  2 scorpions
  A centaur zombie (D:8)
  5 hounds
  3 orc priests
  An iguana (D:6)
  Jessica (D:2)
  4 orc wizards
  3 worker ants
  2 hound skeletons
  4 adders
  A worm (D:2)
  4 leopard geckos
  16 orcs
  A ball python (D:5)
  2 bats (D:2)
  4 giant cockroaches
  3 hobgoblins
  4 jackals
  2 quokkas
  A frilled lizard (D:3)
  8 goblins
  5 kobolds
  4 rats (D:2)
103 creatures vanquished.

Vanquished Creatures (collateral kills)
  An ice beast (D:5)
  An ogre (D:10)
  A crocodile (D:9)
  A shadow imp (D:9)
  A goblin (D:2)
  A hobgoblin (D:2)
  A kobold (D:2)
7 creatures vanquished.

Vanquished Creatures (others)
  2 yaks (D:10)
  A crimson imp (D:6)
  3 orcs (D:10)
  6 fungi (D:9)
  3 plants (D:9)
15 creatures vanquished.

Grand Total: 125 creatures vanquished

Notes
Turn   | Place    | Note
-------+----------+-------------------------------------------
     0 | D:1      | Flooderbenga the Gnoll Necromancer began the quest for the Orb.
     0 | D:1      | Reached XP level 1. HP: 13/13 MP: 6/6
   132 | D:2      | Learned a level 1 spell: Animate Skeleton
   140 | D:2      | Reached XP level 2. HP: 8/19 MP: 2/7
   144 | D:2      | Found a glowing golden altar of the Shining One.
   144 | D:2      | Found a shadowy altar of Dithmenos.
   276 | D:2      | Reached skill level 5 in Spellcasting
   276 | D:2      | Reached XP level 3. HP: 3/25 MP: 4/9
   281 | D:2      | Learned a level 3 spell: Regeneration
   389 | D:2      | Noticed Jessica
   394 | D:2      | Reached skill level 1 in Invocations
   399 | D:2      | Killed Jessica
   399 | D:2      | Reached skill level 1 in Fighting
   399 | D:2      | Reached skill level 1 in Short Blades
   399 | D:2      | Reached skill level 1 in Long Blades
   399 | D:2      | Reached skill level 1 in Axes
   399 | D:2      | Reached skill level 1 in Maces & Flails
   399 | D:2      | Reached skill level 1 in Polearms
   399 | D:2      | Reached skill level 1 in Staves
   399 | D:2      | Reached skill level 1 in Slings
   399 | D:2      | Reached skill level 1 in Bows
   399 | D:2      | Reached skill level 1 in Crossbows
   399 | D:2      | Reached skill level 1 in Throwing
   399 | D:2      | Reached skill level 1 in Armour
   399 | D:2      | Reached skill level 1 in Shields
   399 | D:2      | Reached skill level 1 in Unarmed Combat
   399 | D:2      | Reached skill level 1 in Evocations
   399 | D:2      | Reached XP level 4. HP: 8/32 MP: 3/11
   410 | D:2      | Learned a level 4 spell: Animate Dead
   583 | D:3      | Reached skill level 1 in Conjurations
   583 | D:3      | Reached skill level 1 in Hexes
   583 | D:3      | Reached skill level 1 in Charms
   583 | D:3      | Reached skill level 1 in Summonings
   583 | D:3      | Reached skill level 1 in Translocations
   583 | D:3      | Reached skill level 1 in Transmutations
   583 | D:3      | Reached skill level 1 in Fire Magic
   583 | D:3      | Reached skill level 1 in Ice Magic
   583 | D:3      | Reached skill level 1 in Air Magic
   583 | D:3      | Reached skill level 1 in Earth Magic
   583 | D:3      | Reached skill level 1 in Poison Magic
   590 | D:3      | Reached XP level 5. HP: 7/37 MP: 7/12
   775 | D:5      | Entered Level 5 of the Dungeon
   776 | D:5      | Noticed an ogre
   788 | D:5      | Killed an ogre
   788 | D:5      | Reached XP level 6. HP: 34/44 MP: 3/13
   796 | D:5      | Found an ancient bone altar of Kikubaaqudgha.
   875 | D:5      | Noticed an ice beast
   889 | D:5      | Killed an ice beast
   889 | D:5      | Reached skill level 5 in Dodging
   927 | D:7      | Noticed an ice beast
   981 | D:6      | Noticed Blork the orc
   989 | D:6      | Killed Blork the orc
   989 | D:6      | Reached XP level 7. HP: 32/50 MP: 4/15
  1276 | D:6      | Reached skill level 5 in Stealth
  1297 | D:6      | Learned a level 3 spell: Vampiric Draining
  1368 | D:6      | Gained mutation: You are agile. (Dex +2) [potion of mutation]
  1368 | D:6      | Gained mutation: Your spells are a little harder to cast, but a little more powerful. [potion of mutation]
  1368 | D:6      | Gained mutation: You are partially covered in yellow scales. (AC +2) [potion of mutation]
  1403 | D:6      | Reached XP level 8. HP: 40/57 MP: 2/16
  1543 | D:6      | Found a deep blue altar of Sif Muna.
  1600 | D:6      | Found an opulent altar of Gozag.
  1703 | D:7      | Found a bloodstained altar of Trog.
  1740 | D:7      | Found a staircase to the Ecumenical Temple.
  1748 | Temple   | Entered the Ecumenical Temple
  1819 | Temple   | Became a worshipper of Cheibriados the Contemplative
  1907 | D:8      | Reached XP level 9. HP: 50/65 MP: 4/18
  1915 | D:8      | Learned a level 5 spell: Borgnjor's Vile Clutch
  1938 | D:9      | Found an ornate altar of the Wu Jian Council.
  2002 | D:10     | Entered Level 10 of the Dungeon
  2013 | D:10     | Reached * piety under Cheibriados
  2180 | D:9      | Reached skill level 8 in Necromancy
  2254 | D:9      | Noticed a two-headed ogre
  2261 | D:9      | Killed from afar by a porcupine skeleton

Skill      XL: |  1  2  3  4  5  6  7  8  9 |
---------------+----------------------------+-----
Spellcasting   | 5 6 |  6.7
Invocations    | 1 2 3 4 |  4.9
Fighting       | 1 2 3 4 |  4.4
Short Blades   | 1 2 3 4 |  4.4
Long Blades    | 1 2 3 4 |  4.4
Axes           | 1 2 3 4 |  4.4
Maces & Flails | 1 2 3 4 |  4.4
Polearms       | 1 2 3 4 |  4.4
Staves         | 1 2 3 4 |  4.4
Slings         | 1 2 3 4 |  4.4
Bows           | 1 2 3 4 |  4.4
Crossbows      | 1 2 3 4 |  4.4
Throwing       | 1 2 3 4 |  4.4
Armour         | 1 2 3 4 |  4.4
Shields        | 1 2 3 4 |  4.4
Unarmed Combat | 1 2 3 4 |  4.4
Evocations     | 1 2 3 4 |  4.4
Conjurations   | 1 2 3 |  3.6
Hexes          | 1 2 3 |  3.6
Charms         | 1 2 3 |  3.6
Summonings     | 1 2 3 |  3.6
Translocations | 1 2 3 |  3.6
Transmutations | 1 2 3 |  3.6
Fire Magic     | 1 2 3 |  3.6
Ice Magic      | 1 2 3 |  3.6
Air Magic      | 1 2 3 |  3.6
Earth Magic    | 1 2 3 |  3.6
Poison Magic   | 1 2 3 |  3.6
Dodging        | 5 6 |  6.4
Stealth        | 5 6 |  6.1
Necromancy     | 8 |  8.1

Action                   |  1- 3 |  4- 6 |  7- 9 || total
-------------------------+-------+-------+-------++-------
Melee: Short sword       |    13 |    50 |    98 ||   161
       Bite              |       |     3 |    26 ||    29
       Trident           |       |       |   122 ||   122
       Punch             |       |       |     2 ||     2
 Fire: Hunting sling     |    18 |     8 |     8 ||    34
Throw: Stone             |     2 |     2 |     7 ||    11
 Cast: Pain              |    26 |    36 |    67 ||   129
       Animate Skeleton  |     4 |     2 |     6 ||    12
       Regeneration      |     2 |     5 |     7 ||    14
       Animate Dead      |       |     3 |     3 ||     6
       Vampiric Draining |       |       |    14 ||    14
Invok: Bend Time         |       |       |     1 ||     1
Evoke: Wand              |       |       |     2 ||     2
  Use: Potion            |       |     2 |     7 ||     9
       Scroll            |       |     4 |     5 ||     9
 Stab: Sleeping          |       |     7 |     4 ||    11
  Eat: Chunk             |       |     1 |     7 ||     8
Armor: Leather armour    |     6 |     6 |    33 ||    45
Dodge: Dodged            |    23 |    20 |   163 ||   206
